 Dungeon Crawl Stone Soup version 0.25.1-9-gc5326a611f (webtiles) character file.

Game seed: 10239245513374315197

84 pokeman the Magician (level 4, -4/25 HPs)
             Began as a Deep Elf Wizard on Dec 27, 2020.
             Slain by Grinder (15 damage)
             ... on level 3 of the Dungeon.
             The game lasted 00:03:25 (2471 turns).

pokeman the Magician (Deep Elf Wizard)              Turns: 2471, Time: 00:03:26

Health: -4/25      AC:  2    Str:  4    XL:     4   Next: 23%
Magic:  0/13       EV: 13    Int: 24    God:
Gold:   117        SH:  0    Dex: 13    Spells: 3/14 levels left

rFire    . . .     SeeInvis .   (no weapon)
rCold    . . .     Gourm    .   (no shield)
rNeg     . . .     Faith    .   a - +0 robe
rPois    +         Spirit   .   b - +0 hat
rElec    .         Reflect  .   (no cloak)
rCorr    .         Harm     .   (no gloves)
MR       .....                  (no boots)
Stlth    ++........             (no amulet)
HPRegen  0.08/turn              n - ring of wizardry
MPRegen  0.13/turn              m - ring of poison resistance

@: no status effects
A: no striking features
a: no special abilities


You were on level 3 of the Dungeon.
You were hungry.

You visited 1 branch of the dungeon, and saw 3 of its levels.

You collected 117 gold pieces.

Inventory:

Missiles
 h - 37 bolts
 l - 14 arrows
Armour
 a - a +0 robe (worn)
 b - a +0 hat (worn)
 i - a +0 buckler
Jewellery
 g - an uncursed ring of positive energy
 m - a ring of poison resistance (right hand)
 n - a ring of wizardry (left hand)
Scrolls
 c - 2 scrolls of identify {unknown}
 e - 2 scrolls of remove curse {unknown}
 j - a scroll of random uselessness {unknown}
 k - 3 scrolls of teleportation {unknown}
 p - a scroll of enchant armour {unknown}
Potions
 f - a potion of brilliance {unknown}
 o - a potion of invisibility {unknown}
 r - a potion of berserk rage {unknown}
Comestibles
 d - 6 rations
 q - 4 chunks of flesh


   Skills:
 - Level 1.0 Fighting
 - Level 1.0 Armour
 + Level 2.7 Dodging
 - Level 2.4 Stealth
 + Level 0.3 Shields
 * Level 5.6 Spellcasting
 + Level 2.1 Conjurations
 - Level 1.1 Summonings
 - Level 1.1 Translocations


You had 3 spell levels left.
You knew the following spells:

 Your Spells              Type           Power        Failure   Level  Hunger
a - Magic Dart            Conj           ###.         1%          1    None
b - Mephitic Cloud        Conj/Pois/Air  ##......     8%          3    #......
c - Call Imp              Summ           ##......     3%          2    None
d - Blink                 Tloc           N/A          3%          2    None
e - Conjure Flame         Conj/Fire      ##......     6%          3    #......

Your spell library contained the following spells:

 Spells                   Type           Power        Failure   Level  Hunger
 Slow                     Hex            #.......     5%          2    None


Dungeon Overview and Level Annotations

Branches:
Dungeon (3/15)

Altars:

Annotations:
D:3 Grinder


Message History

Aiming: Magic Dart (safe; 1% risk of failure)
Press: ? - help, Shift-Dir - straight line, f/p - Grinder
Aim: Grinder (severely wounded, strong)
The magic dart hits Grinder but does no damage.
Grinder is severely wounded.
Grinder gestures at you.
You suddenly lose the ability to move!
Grinder hits you. Grinder hits you but does no damage.
You can move again.
Casting: Magic Dart (safe; 1% risk of failure)
Confirm with . or Enter, or press ? or * to list all spells.
Aiming: Magic Dart (safe; 1% risk of failure)
Press: ? - help, Shift-Dir - straight line, f/p - Grinder
Aim: Grinder (severely wounded, strong)
The magic dart hits Grinder.
Grinder is severely wounded.
Grinder hits you!
Ouch! That really hurt!
You die...

#.###########^# #.#..@5o....#.#
## #.#÷#######.#.# #####
.######### #.#.#######.#.###....§
.........###.#.........#....5....
....# #...............#.........
....# #..............5#.........
....####......<#....#..#.##......
.......................o.....o...
....#......÷.............#.......


You could see Grinder (strong) and an orc.

Vanquished Creatures
  2 adders
  An ooze (D:1)
  2 worms
  A dart slug (D:2)
  3 leopard geckos
  3 giant cockroaches
  5 goblins (D:1)
  3 hobgoblins
  3 jackals (D:3)
  8 kobolds
  A quokka (D:2)
  A ball python (D:2)
  6 bats
  4 frilled lizards
  10 rats
53 creatures vanquished.

Notes
Turn   | Place    | Note
-------+----------+-------------------------------------------
     0 | D:1      | pokeman the Deep Elf Wizard began the quest for the Orb.
     0 | D:1      | Reached XP level 1. HP: 10/10 MP: 7/7
   171 | D:1      | Reached XP level 2. HP: 16/16 MP: 1/9
   603 | D:1      | Reached skill level 5 in Spellcasting
   738 | D:1      | Reached XP level 3. HP: 20/20 MP: 7/11
   743 | D:1      | Learned a level 3 spell: Mephitic Cloud
   746 | D:1      | Learned a level 2 spell: Call Imp
   749 | D:1      | Learned a level 2 spell: Blink
   753 | D:1      | Learned a level 3 spell: Conjure Flame
  1207 | D:2      | Reached skill level 1 in Fighting
  1207 | D:2      | Reached skill level 1 in Armour
  2181 | D:3      | Reached XP level 4. HP: 25/25 MP: 9/13
  2435 | D:3      | Noticed Grinder
  2455 | D:3      | Paralysed by Grinder for 4 turns
  2467 | D:3      | Paralysed by Grinder for 4 turns
  2471 | D:3      | Slain by Grinder

Illustrated notes

Levels and vault maps discovered:
D:1:      sevenhm_arrival_forest_fort_large_2, layout_rooms, minmay_tall_x
D:2:      layout_loops_corners, first_ration
D:3:      gammafunk_steamed_eel, layout_basic, nicolae_qazlal_general_emergency,
          uniq_grinder

Skill      XL: |  1  2  3 |
---------------+----------+-----
Spellcasting   | 5 |  5.6
Fighting       | 1 |  1.0
Armour         | 1 |  1.0
Conjurations   | 2 |  2.1
Dodging        | |  2.7
Stealth        | |  2.4
Shields        | |  0.3
Summonings     | |  1.1
Translocations | |  1.1

Action                   |  1- 3 |  4- 6 || total
-------------------------+-------+-------++-------
Melee: Unarmed           |    13 |       ||    13
 Cast: Magic Dart        |    93 |    34 ||   127
       Conjure Flame     |       |     1 ||     1
  Eat: Chunk             |     4 |       ||     4
Armor: Robe              |    13 |     1 ||    14
Dodge: Dodged            |    36 |     2 ||    38
